 Dungeon Crawl Stone Soup version 0.29-a0-555-g3b24f45cc1 (console) character file.

Game seed: 2552610594401453583

753 om the Stinger (level 7, -6/50 HPs)
             Began as a Demonspawn Venom Mage on June 7, 2022.
             Was a Follower of Vehumet.
             Killed by divine providence
             ... invoked by an orc priest
              (9 damage)
             ... on level 5 of the Dungeon.
             The game lasted 00:11:40 (4876 turns).

om the Stinger (Demonspawn Venom Mage)              Turns: 4876, Time: 00:11:41

Health: -6/50      AC: 13    Str: 10    XL:     7   Next: 49%
Magic:  4/13       EV: 13    Int: 16    God:    Vehumet [*.....]
Gold:   181        SH:  4    Dex: 14    Spells: 4/14 levels left

rFire   . . .      SeeInvis .   e - +1 hand axe
rCold   . . .      Faith    .   (no shield)
rNeg    . . .      Spirit   .   a - +0 robe
rPois   .          Reflect  .   l - +2 helmet
rElec   .          Harm     .   (no cloak)
rCorr   .          Rampage  .   (no gloves)
Will    .....                   d - +0 pair of boots
Stlth   ++........              (no amulet)
HPRegen 0.16/turn               (no ring)
MPRegen 0.13/turn               (no ring)

@: no status effects
A: icy blue scales 2, icemail 1, condensation shield, weakness stinger 1
a: Renounce Religion


You were on level 5 of the Dungeon.
You worshipped Vehumet.
Vehumet was aware of your devotion.
You visited 2 branches of the dungeon, and saw 6 of its levels.

You collected 181 gold pieces.

Inventory:

Hand Weapons
 e - a +1 hand axe (weapon)
Armour
 a - a +0 robe (worn)
 d - a +0 pair of boots (worn)
 l - a +2 helmet (worn)
Jewellery
 p - a ring of poison resistance
Scrolls
 h - a scroll of enchant armour
 i - 5 scrolls of teleportation
 k - a scroll of enchant weapon
 q - a scroll of fear {unknown}
 s - a scroll of poison {unknown}
Potions
 b - a potion of magic
 c - 2 potions of curing
 f - a potion of ambrosia
 g - a potion of attraction
 j - 2 potions of haste
 m - a potion of brilliance
 n - a potion of mutation {unknown}
 o - a potion of flight
 r - a potion of might {unknown}


   Skills:
 + Level 2.0 Fighting
 + Level 3.1 Dodging
 + Level 3.5 Stealth
 * Level 4.4 Spellcasting
 - Level 2.0 Transmutations
 * Level 5.4 Poison Magic


You had 4 spell levels left.
You knew the following spells:

 Your Spells              Type           Power      Damage    Failure   Level
a - Sting                 Tmut/Pois      60%        1d6       3%          1
b - Poisonous Vapours     Pois/Air       24%        N/A       8%          2
c - Mephitic Cloud        Conj/Pois/Air  9%         N/A       22%         3
d - Olgreb's Toxic Radia  Pois           21%        N/A       17%         4

Your spell library contained the following spells:

 Spells                   Type           Power      Damage    Failure   Level
 Shock                    Conj/Air       12%        1d3       16%         1


Dungeon Overview and Level Annotations

Branches:
Dungeon (5/15)             Temple (1/1) D:4

Altars:
Cheibriados
Elyvilon
Fedhas
Hepliaklqana
Kikubaaqudgha
Makhleb
Okawaru
Qazlal
Ru
Sif Muna
Trog
Uskayaw
Vehumet
Wu Jian
Yredelemnul
The Shining One


Innate Abilities, Weirdness & Mutations

You are mostly covered in icy blue scales. (AC +3)
A meltable icy envelope protects you from harm. (AC +4)
A meltable shield of frost defends you. (SH +4)
You have a small tail.


Message History

You hit the orc priest.
The orc priest is lightly wounded.
The orc priest closely misses you.
You hit the orc priest but do no damage.
The orc priest is moderately wounded.
The orc priest invokes the aid of Beogh against you.
Beogh smites you!
Aiming: Sting (safe; 3% risk of failure)
Press: ? - help, Q - select action, (/) - cycle Shift-Dir - straight line, f/p - orc priest
Aim: an orc priest, wielding a +0 morningstar and wearing a +0 ring mail (moderately wounded, poisoned, 77% to hit)
The sting misses the orc priest.
The sting hits the iguana.
The iguana is poisoned.
The iguana is moderately wounded.
The orc priest mumbles some strange prayers to Beogh against you.
Beogh smites you!
* * * LOW HITPOINT WARNING * * *
Okay, then.
Okay, then.
Unknown command.
You feel better. The orc priest barely misses you.
The orc priest barely misses you.
Things that are here:
a +0 war axe; a +0 mace; an orc corpse The orc priest looks more healthy.
Your magical contamination has completely faded away.
Items here: )) [[ †.
Aiming: Sting (safe; 3% risk of failure)
Press: ? - help, Q - select action, (/) - cycle Shift-Dir - straight line, f/p - orc priest
Aim: an orc priest, wielding a +0 morningstar and wearing a +0 ring mail (heavily wounded, 77% to hit)
The sting misses the orc priest.
The orc priest hits you with a +0 morningstar!
* * * LOW HITPOINT WARNING * * *
Aiming: Sting (safe; 3% risk of failure)
Press: ? - help, Q - select action, (/) - cycle Shift-Dir - straight line, f/p - orc priest
Aim: an orc priest, wielding a +0 morningstar and wearing a +0 ring mail (heavily wounded, 77% to hit)
The sting hits the orc priest.
The orc priest is poisoned.
The orc priest is severely wounded.
The orc priest invokes the aid of Beogh against you.
Beogh smites you!
You die...

####.##>####.#####
.......#......[..#
#.....#.##.......#
###.###†##.......#
#.....†........#
########.......#
#.......#
#.......###
#......@ol#
#.......#.#
##.....##.#
##...###.# ##.##
#.# #.# #.# #.#
#)# #.# #.# #.#
#.#


You could see an iguana and an orc priest (poisoned).

Vanquished Creatures
  A sky beast (D:5)
  A black bear (D:3)
  2 scorpions (D:4)
  A necrophage (D:4)
  An orc priest (D:5)
  Natasha (thrice) (D:4)
  2 iguanas (D:4)
  4 orc wizards
  3 gnolls (D:4)
  4 adders
  An ufetubus (D:4)
  2 worms
  9 orcs
  7 ball pythons (D:2)
  6 bats
  3 endoplasms
  5 giant cockroaches
  3 goblins
  5 hobgoblins
  7 jackals
  3 quokkas
  2 frilled lizards (D:1)
  5 kobolds
  3 rats
83 creatures vanquished.

Vanquished Creatures (others)
  8 plants (D:2)
8 creatures vanquished.

Grand Total: 91 creatures vanquished

Notes
Turn   | Place    | Note
-------+----------+-------------------------------------------
     0 | D:1      | om the Demonspawn Venom Mage began the quest for the Orb.
     0 | D:1      | Reached XP level 1. HP: 13/13 MP: 3/3
   317 | D:1      | Reached skill level 1 in Transmutations
   429 | D:1      | Gained mutation: You have a small tail. [demonic ancestry]
   429 | D:1      | Reached XP level 2. HP: 19/19 MP: 3/5
   860 | D:2      | Learned a level 2 spell: Poisonous Vapours
  1352 | D:2      | Gained mutation: You are partially covered in icy blue
                  | scales. (AC +2) [demonic ancestry]
  1352 | D:2      | Reached XP level 3. HP: 24/24 MP: 6/6
  2208 | D:3      | Gained mutation: You are mostly covered in icy blue scales.
                  | (AC +3) [demonic ancestry]
  2208 | D:3      | Reached XP level 4. HP: 24/30 MP: 4/8
  2523 | D:3      | Found a faded altar of an unknown god.
  2678 | D:4      | Noticed Natasha
  2687 | D:4      | Killed Natasha
  2688 | D:4      | Reached skill level 4 in Poison Magic
  2709 | D:4      | Noticed a scorpion
  2834 | D:4      | Killed a scorpion
  2835 | D:4      | Gained mutation: A meltable shield of frost defends you.
                  | (SH +4) [demonic ancestry]
  2835 | D:4      | Reached XP level 5. HP: 30/35 MP: 3/9
  3081 | D:4      | Found a staircase to the Ecumenical Temple.
  3093 | Temple   | Entered the Ecumenical Temple
  3283 | Temple   | Became a worshipper of Vehumet
  3403 | D:4      | Reached XP level 6. HP: 41/41 MP: 7/11
  3557 | D:4      | Learned a level 3 spell: Mephitic Cloud
  3830 | D:3      | Reached skill level 1 in Fighting
  3904 | D:4      | Learned a level 4 spell: Olgreb's Toxic Radiance
  4056 | D:4      | Noticed Natasha
  4069 | D:4      | Killed Natasha
  4111 | D:4      | Reached skill level 5 in Poison Magic
  4327 | D:4      | Noticed Natasha
  4341 | D:4      | Killed Natasha
  4342 | D:4      | Gained mutation: A meltable icy envelope protects you from
                  | harm. (AC +4) [demonic ancestry]
  4342 | D:4      | Reached XP level 7. HP: 39/48 MP: 10/13
  4432 | D:5      | Entered Level 5 of the Dungeon
  4685 | D:5      | Reached * piety under Vehumet
  4685 | D:5      | Offered knowledge of Shock by Vehumet.
  4875 | D:5      | HP: 2/50 [orc priest/+0 morningstar (9)]
  4876 | D:5      | Killed from afar by an orc priest

Illustrated notes

Levels and vault maps discovered:
D:1:      eino_arrival_water_star, layout_rooms, minmay_misc_feat_roman,
          minmay_misc_feat_rugged, amcnicky_mini_rare_corridor_liquid
D:2:      layout_loops_ring, nicolae_concentric_dashed_squares_wild,
          serial_bayou_lagoon_a, grunt_ministairs_15,
          chequers_serial_rivers_small_b, minmay_octomino_e4
D:3:      layout_basic, shapermc_ecumenical_altar_totnotflames, dk_vineyard_1
D:4:      layout_loops_ring, temple_statues, uniq_natasha
D:5:      layout_loops_ring, gammafunk_ghost_hive,
          hangedman_abyss_or_decor_passed, uniq_ijyb, uniq_eustachio
Temple:   eino_temple_scatter_basement

Skill      XL: |  1  2  3  4  5  6  7 |
---------------+----------------------+-----
Transmutations | 1 2 |  2.0
Stealth        | 2 3 |  3.5
Dodging        | 2 3 |  3.1
Poison Magic   | 4 5 |  5.4
Spellcasting   | 3 4 |  4.4
Fighting       | 1 2 |  2.0

Action                   |  1- 3 |  4- 6 |  7- 9 || total
-------------------------+-------+-------+-------++-------
Melee: Unarmed           |    14 |       |       ||    14
       Hand axe          |    81 |    88 |    37 ||   206
       Tailslap          |     9 |    10 |     3 ||    22
 Cast: Sting             |    29 |    44 |    20 ||    93
       Poisonous Vapours |     4 |     8 |     7 ||    19
       Mephitic Cloud    |       |       |     1 ||     1
  Use: Scroll            |     5 |     3 |     1 ||     9
       Potion            |     2 |       |     1 ||     3
 Stab: Sleeping          |     2 |       |     1 ||     3
Armor: Robe              |    40 |    43 |    31 ||   114
Dodge: Dodged            |   111 |    85 |    49 ||   245
Block: Other             |       |    23 |     8 ||    31

Table legend: (Time is in decaauts)
 A = Elapsed time spent in this place.
 B = Non-inter-level travel time spent in this place.
 C = Inter-level travel time spent in this place.
 D = Time resting spent in this place.
 E = Time spent auto-exploring this place.
 F = Levels seen in this place.
 G = Mean time per level.
                   A        B        C        D        E       F      G
               +--------+--------+--------+--------+--------+-----+--------+
         Total |   4951 |   4795 |    156 |    858 |   3044 |   6 |  825.2 |
       Dungeon |   4652 |   4524 |    128 |    758 |   2889 |   5 |  930.4 |
        Temple |    299 |    271 |     28 |    100 |    155 |   1 |  299.0 |
               +--------+--------+--------+--------+--------+-----+--------+

Top non-repeatable levels by time:
     D:4: 1427 daAuts
     D:2: 1145 daAuts
     D:1: 856 daAuts
     D:3: 769 daAuts
     D:5: 453 daAuts
  Temple: 299 daAuts
